 Dungeon Crawl Stone Soup version 0.31.0-9-g3a7656b989 (webtiles) character file.

Game seed: 12282567063851435448

64 qw the Shooter (level 3, 0/20 HPs)
             Began as a Deep Elf Hunter on Feb 2, 2024.
             Killed from afar by an orc wizard (6 damage)
             ... with a magic dart
             ... on level 2 of the Dungeon.
             The game lasted 00:00:05 (1493 turns).

qw the Shooter (Deep Elf Hunter)                    Turns: 1493, Time: 00:00:06

Health: 0/20       AC:  7    Str: 10    XL:     3   Next: 91%
Magic:  5/5        EV: 11    Int: 13    God:
Gold:   71         SH:  0    Dex: 18    Spells: 2/2 levels left

rFire   . . .        a - +0 shortbow
rCold   . . .        (shield currently unavailable)
rNeg    . . .        f - +0 ring mail
rPois   +            (no helmet)
rElec   .            (no cloak)
rCorr   .            (no gloves)
SInv    .            g - +1 pair of boots
Will    .....        (no amulet)
Stlth   +            b - ring of poison resistance
HPRegen 0.23/turn    (no ring)
MPRegen 0.09/turn

%: no passive effects
@: no status effects
A: no striking features
a: no special abilities


You were on level 2 of the Dungeon.
You visited 1 branch of the dungeon, and saw 3 of its levels.

You collected 71 gold pieces.


   Skills:
 - Level 1.5 Fighting
 + Level 7.3 Ranged Weapons
 - Level 2.4 Dodging
 - Level 1.2 Stealth


You had 2 spell levels left.
You didn't know any spells.
Your spell library was empty.

Inventory:

Hand Weapons
 a - a +0 shortbow (weapon)
Armour
 f - a +0 ring mail (worn)
 g - a +1 pair of boots (worn)
Jewellery
 b - a ring of poison resistance (left hand)
Potions
 d - a potion of resistance {unknown}
 h - a potion of might {unknown}

Dungeon Overview and Level Annotations

Branches:
Dungeon (3/15)

Altars:


Message History

You shoot an arrow. The arrow completely misses the orc.
Something hits you but does no damage.
Deactivating autopickup; reactivate with Ctrl-A.
The orc hits you but does no damage. The orc completely misses you.
Autopickup is now on.
You shoot an arrow. The arrow hits the orc.
The orc is heavily wounded.
Something hits you.
Deactivating autopickup; reactivate with Ctrl-A.
The orc hits you but does no damage. The orc misses you.
Autopickup is now on.
You shoot an arrow. The arrow closely misses the orc.
Something hits you.
Deactivating autopickup; reactivate with Ctrl-A.
The orc barely misses you. The orc hits you with a +0 dagger.
Autopickup is now on.
You shoot an arrow.
The arrow hits the orc but does no damage.
The orc is heavily wounded.
Something hits you.
Deactivating autopickup; reactivate with Ctrl-A.
The orc misses you. The orc hits you but does no damage.
Autopickup is now on.
You shoot an arrow. The arrow hits the orc.
You kill the orc!
Something hits you but does no damage.
Deactivating autopickup; reactivate with Ctrl-A.
The orc hits you but does no damage.
You shoot an arrow. The arrow hits the orc!
You kill the orc!
Something hits you but does no damage. x2
You shoot an arrow. Something hits you.
You shoot an arrow. Something hits you but does no damage.
You shoot an arrow.
You hear some strange, mumbled words.
A magic dart appears from out of thin air!
The magic dart hits you.
You die...

#.......##...7P..7..
########.......##.##7P.77..
#...................77..7..
######.#.......##..#7..P7..
####...............#7P777#.
#....................777...
####.#.#.............#.#.#.
#.#.#.##)#.#.#....#.#.##
#.....{@................
#.....)...............##
#.#.#.##.###.#.##.#...##
#.#.#.##.###.#.##.P..P.#
#.#.#.##.......##....P..
#.#.#.##......PP..P777..
#.#[#..........P...77PP.
#.#.#.....##.PP7...P7...
#.#.##....##.777P...P..#


There were no monsters in sight!

Vanquished Creatures
  3 adders (D:2)
  A dart slug (D:1)
  3 orcs (D:2)
  6 endoplasms
  4 goblins
  A hobgoblin (D:2)
  3 kobolds
  A quokka (D:1)
  2 ball pythons
  3 bats
  2 frilled lizards
  2 rats (D:1)
31 creatures vanquished.

Notes
Turn   | Place    | Note
-------+----------+-------------------------------------------
     0 | D:1      | qw the Deep Elf Hunter began the quest for the Orb.
     0 | D:1      | Reached XP level 1. HP: 12/12 MP: 3/3
     0 | D:1      | 0 ||| qw: Version: 0.3-a-155-g5e7d8dd
     0 | D:1      | 0 ||| qw: Game counter: 1123
     0 | D:1      | 0 ||| qw: Melee chars always use a shield: true
     0 | D:1      | 0 ||| qw: God list: Okawaru
     0 | D:1      | 0 ||| qw: Allow faded altars: false
     0 | D:1      | 0 ||| qw: Do Orc after clearing Dungeon:15 true
     0 | D:1      | 0 ||| qw: Do second Lair branch before Depths: true
     0 | D:1      | 0 ||| qw: Lair rune preference: random
     0 | D:1      | 0 ||| qw: Goals: Normal
     0 | D:1      | 0 ||| PLANNING D:1-11
   121 | D:1      | Reached XP level 2. HP: 16/16 MP: 4/4
   125 | D:1      | Reached skill level 6 in Ranged Weapons
   652 | D:1      | 652 ||| UPGRADING to +0 ring mail.
   662 | D:1      | 662 ||| DROPPING +0 leather armour.
   663 | D:1      | 663 ||| READING scroll labelled HICUFENWEF.
   664 | D:1      | 664 ||| DROPPING scroll of butterflies.
   676 | D:2      | Reached XP level 3. HP: 18/20 MP: 5/5
   791 | D:2      | Reached skill level 7 in Ranged Weapons
  1439 | D:2      | 1439 ||| UPGRADING to +1 pair of boots.
  1444 | D:2      | 1444 ||| UPGRADING to ring of poison resistance.
  1445 | D:2      | 1445 ||| DROPPING ring of wizardry.
  1446 | D:2      | 1446 ||| READING scroll labelled WUFFOS BUKER.
  1474 | D:3      | 1474 ||| STAIRDANCE
  1482 | D:3      | 1482 ||| STAIRDANCE
  1488 | D:2      | HP: 5/20 [something (2)]
  1493 | D:2      | Killed from afar by an orc wizard

Levels and vault maps discovered:
D:1:      dpeg_arrival_leaves_temple_mockup, layout_loops_ring,
          dk_noncrumbling_2
D:2:      layout_basic, serial_forest, infiniplex_forest_lined_room_2,
          infiniplex_forest_clump_medium, infiniplex_forest_clump_double,
          infiniplex_forest_clump_double, infiniplex_forest_lined_3_way,
          infiniplex_forest_end_1
D:3:      layout_loops_ring, worldfamousw_hep_ancestral_shrine,
          kiku_gazebo_pond_becter, uniq_jessica

Skill      XL: |  1  2  3 |
---------------+----------+-----
Ranged Weapons | 6 7 |  7.3
Fighting       | |  1.5
Dodging        | |  2.4
Stealth        | |  1.2

Action                     || total
---------------------------++-------
   Fire: Shortbow          ||    89
    Use: Scroll            ||     2
 Armour: Leather armour    ||    13
         Ring mail         ||    30
  Dodge: Dodged            ||    28

Table legend:
 A = Non-vault XP
 B = Vault XP
 C = Vault XP percentage of total XP
 D = Non-vault monster count
 E = Vault monster count
 F = Vault count percentage of total count
                 A         B        C        D         E       F
            +---------+---------+-------+---------+---------+-------
      Total |      92 |       0 |   0.0 |      31 |       0 |   0.0
            +---------+---------+-------+---------+---------+-------
        D:1 |      31 |       0 |   0.0 |      17 |       0 |   0.0
        D:2 |      61 |       0 |   0.0 |      14 |       0 |   0.0
            +---------+---------+-------+---------+---------+-------
